 Dungeon Crawl Stone Soup version 0.22-a0-515-g75794bf (webtiles) character file.

50558 epen the Impaler (level 14, -7/113 HPs)
             Began as a Merfolk Monk on June 19, 2018.
             Was the Champion of Okawaru.
             Killed by divine providence
             ... invoked by a meliai
              (15 damage)
             ... on level 13 of the Dungeon.
             The game lasted 00:47:30 (26005 turns).

epen the Impaler (Merfolk Monk)                    Turns: 26005, Time: 00:47:30

Health: -7/113     AC: 19    Str: 17    XL:     14   Next: 55%
Magic:  21/21      EV: 19    Int: 10    God:    Okawaru [******]
Gold:   1163       SH: 12    Dex: 22    Spells: 13/13 levels left

rFire    + + .     SeeInvis +   J - +6 trident (flame)
rCold    . . .     Gourm    .   k - +0 shield {reflect}
rNeg     . . .     Faith    .   t - +3 scale mail {rF+}
rPois    .         Spirit   .   C - +2 hat "Isucieq" {rElec}
rElec    +         Reflect  +   o - +2 cloak of the Thief {+Fog Slay-2 SInv Stlth+}
rCorr    .         Harm     .   A - +0 pair of gloves
MR       ++...                  P - +0 pair of boots {run}
Stlth    ++........             (no amulet)
HPRegen  0.28/turn              O - +3 ring of dexterity
MPRegen  0.17/turn              S - ring of protection from fire

@: slowed, very slow
A: change form in water, swift swim, stealthy swim, horns 1, agile 1, magic
resistance 1, strong 1
a: Heroism, Finesse, Renounce Religion, Evoke Fog


You were on level 13 of the Dungeon.
You worshipped Okawaru.
Okawaru was exalted by your worship.
You were hungry.

You visited 3 branches of the dungeon, and saw 21 of its levels.

You collected 1476 gold pieces.
You spent 313 gold pieces at shops.

Inventory:

Hand Weapons
 u - a +0 halberd
 J - a +6 trident of flaming (weapon)
 Y - a +4 trident of piercing
Missiles
 N - 2 steel javelins (quivered)
Armour
 a - a scarf of resistance
 b - a +1 chain mail of fire resistance
 k - a +0 shield of reflection (worn)
 o - the +2 cloak of the Thief (worn) {+Fog Slay-2 SInv Stlth+}
   (You found it on level 6 of the Lair of Beasts)

   It affects your accuracy and damage with ranged weapons and melee attacks
   (-2).
   It lets you see invisible.
   It makes you more stealthy.
 t - a +3 scale mail of fire resistance (worn)
 y - a +2 shield of positive energy
 A - a +0 pair of gloves (worn)
 C - the +2 hat "Isucieq" (worn) {rElec}
   (You acquired it on level 11 of the Dungeon)

   It insulates you from electricity.
 H - a +0 troll leather armour
 P - a +0 pair of boots of running (worn)
Jewellery
 e - an uncursed ring of ice
 O - a +3 ring of dexterity (left hand)
 S - a ring of protection from fire (right hand)
 T - an uncursed ring of ice
 W - a +2 ring of dexterity
Wands
 d - a wand of random effects (32)
 g - a wand of iceblast (21)
 v - a wand of polymorph (18)
 x - a wand of acid (16)
 G - a wand of scattershot (9)
 K - a wand of disintegration (12)
 L - a wand of flame (85)
 R - a wand of paralysis (11)
Scrolls
 m - 11 scrolls of remove curse
 n - 12 scrolls of identify
 p - 15 scrolls of teleportation
 r - 2 scrolls of magic mapping
 w - a scroll of amnesia
 z - a scroll of summoning
 B - 2 scrolls of blinking
 E - 5 scrolls of enchant armour
 M - 5 scrolls of fear
 Q - 3 scrolls of fog
 V - a scroll of enchant weapon
Potions
 f - 9 potions of lignification
 h - 6 potions of heal wounds
 i - 5 potions of haste
 j - 2 potions of flight
 l - a potion of might
 q - 2 potions of curing
 s - a potion of invisibility
 D - 2 potions of ambrosia
 F - a potion of cancellation
 I - a potion of berserk rage
Comestibles
 c - 43 rations


   Skills:
 + Level 11.5 Fighting
 + Level 17.5 Polearms
 + Level 7.8 Armour
 + Level 13.3 Dodging
 - Level 2.1 Stealth
 - Level 9.2 Shields
 * Level 9.9 Invocations


You had 13 spell levels left.
You didn't know any spells.
Your spell library contained the following spells:

 Spells                   Type           Power        Failure   Level  Hunger
 Conjure Flame            Conj/Fire      #.......     100%        3    ####...
 Bolt of Cold             Conj/Ice       #.........   100%        6    #######
 Confuse                  Hex            #.......     100%        3    ####...
 Freezing Cloud           Conj/Ice/Air   #.........   100%        6    #######
 Mephitic Cloud           Conj/Pois/Air  #.......     100%        3    ####...
 Ring of Flames           Chrm/Fire      #.........   100%        7    #######
 Ozocubu's Refrigeration  Ice            #.........   100%        6    #######
 Spider Form              Tmut/Pois      #.........   100%        3    ####...
 Blade Hands              Tmut           #.........   100%        5    ######.
 Ice Form                 Ice/Tmut       #.......     100%        4    #####..
 Confusing Touch          Hex            #.....       93%         1    ##.....
 Sticks to Snakes         Tmut           #.......     98%         2    ###....
 Metabolic Englaciation   Hex/Ice        #.........   100%        5    ######.
 Simulacrum               Ice/Necr       #.........   100%        6    #######
 Petrify                  Tmut/Erth      #.......     100%        4    #####..
 Beastly Appendage        Tmut           #.....       93%         1    ##.....
 Gell's Gravitas          Tloc           #.........   100%        3    ####...
 Yara's Violent Unravell  Hex/Tmut       #.........   100%        5    ######.
 Poisonous Vapours        Pois/Air       #.....       98%         2    ###....


Dungeon Overview and Level Annotations

Branches:
Dungeon (14/15)            Temple (1/1) D:6            Lair (6/6) D:11
  Swamp (0/4) Lair:2        Snake (0/4) Lair:2        Slime (0/5) Lair:5
    Orc (0/2) D:12
 Vaults: D:13-14

Altars:
Ashenzari
Cheibriados
Dithmenos
Elyvilon
Fedhas
Gozag
Hepliaklqana
Kikubaaqudgha
Makhleb
Nemelex Xobeh
Okawaru
Qazlal
Ru
Sif Muna
Trog
Uskayaw
Vehumet
Wu Jian
Xom
Yredelemnul
Zin
The Shining One
Jiyva

Shops:
D:9 *   D:11 *

Annotations:
D:3 Grinder


Innate Abilities, Weirdness & Mutations

You revert to your normal form in water.
You are very nimble and swift while swimming.
You are very stealthy in the water. (Stealth+)
You have a pair of small horns on your head.
You are agile. (Dex +2)
You are resistant to hostile enchantments. (MR+)
Your muscles are strong. (Str +2)


Message History

You feel as though you will be slow longer.
You block the shadow imp's attack. The meliai misses you. x2
The meliai completely misses you. The meliai stings you.
* * * LOW HITPOINT WARNING * * *
You climb upwards.
You feel sick.
There is a stone staircase leading down, spattered with blood here.
You feel better.
The meliai invokes the aid of its god against you.
Something smites you!
* * * LOW HITPOINT WARNING * * *
The meliai hits you but does no damage. You block the meliai's attack.
The meliai closely misses you. You block the meliai's attack.
The freezing wraith hits you but does no damage.
The freezing wraith misses you. The meliai misses you.
The meliai stings you but does no damage.
The freezing wraith closely misses you. The freezing wraith barely misses you.
The meliai barely misses you. x2
The meliai mumbles some strange prayers to its god against you.
Something smites you!
You die...

######### #.......#
##.#####.###
##..........####
#........^......
##..######.....#
####....####...... ###
#@y5.............. #.#
#Wy...............
##.###########..#.#.........
#..^............#.#.........
##.##......###.##.#........#
#.........'......'........#
#.........###'##.#........#
#####..........#.#.........
#........<.#...........


You could see a freezing wraith, 2 meliai and a shadow imp.

Vanquished Creatures
  Gastronok (Lair:3)
  Azrael (D:12)
  A fire dragon (Lair:6)
  Fannar (Lair:3)
  A catoblepas (Lair:3)
  4 hydras
  7 two-headed ogres
  3 slime creatures (D:12)
  2 unseen horrors
  A swamp dragon (Lair:6)
  A wolf spider zombie (D:12)
  3 oklob plants (Lair:5)
  5 elephants
  A centaur zombie (D:10)
  2 torpor snails
  2 black mambas (Lair:5)
  6 spiny frogs
  A gargoyle (D:13)
  5 komodo dragons
  2 kobold demonologists (D:11)
  A rime drake (Lair:6)
  A freezing wraith (D:13)
  A queen bee (D:11)
  A meliai (D:13)
  4 trolls
  A polar bear (Lair:6)
  Prince Ribbit (D:5)
  6 hippogriffs
  8 blink frogs
  45 yaks
  3 fire elementals (D:12)
  4 wyverns
  A vampire (D:10)
  8 basilisks
  2 hungry ghosts
  A steam dragon (Lair:6)
  Edmund (D:5)
  4 acid dragons
  2 hell hounds (D:12)
  10 water moccasins
  3 porcupines
  An orc warrior (D:8)
  A swamp drake (Lair:6)
  2 ice beasts
  2 sky beasts
  A black bear (Lair:4)
  An eye of draining (D:9)
  3 phantoms
  24 wolves
  5 ogres
  6 centaurs
  17 crocodiles
  4 big kobolds
  Blork the orc (D:5)
  15 bullfrogs
  A water moccasin skeleton (D:8)
  27 killer bees
  14 wights
  2 electric eels
  5 howler monkeys
  A lava snake (Lair:1)
  4 crimson imps
  2 bullfrog zombies
  3 jellies (D:8)
  2 quasits
  2 centaur skeletons
  6 hounds
  A gnoll shaman (D:5)
  7 orc priests
  9 orc wizards
  2 bullfrog skeletons
  Ijyb (D:3)
  Jessica (D:2)
  5 iguanas
  Terence (D:4)
  4 worker ants
  2 hound zombies
  A hound skeleton (D:6)
  12 gnolls
  16 adders
  A howler monkey skeleton (D:5)
  3 shadow imps
  6 oozes
  3 adder skeletons
  2 adder zombies
  2 worms
  2 dart slugs (D:1)
  4 leopard geckos
  39 orcs
  3 bats
  3 giant cockroaches
  7 goblins
  5 hobgoblins
  12 jackals
  27 kobolds
  5 quokkas
  2 ball pythons
  4 frilled lizards
  A jackal skeleton (D:8)
  A leopard gecko zombie (D:9)
  12 rats
  A fungus (Lair:3)
  A plant (Lair:5)
518 creatures vanquished.

Vanquished Creatures (collateral kills)
  A killer bee (D:11)
1 creature vanquished.

Vanquished Creatures (others)
  Nessos (D:12)
  An orc knight (D:13)
  A centaur (D:12)
  A killer bee (D:11)
  A fungus (Lair:2)
  4 plants
9 creatures vanquished.

Grand Total: 528 creatures vanquished

Notes
Turn   | Place    | Note
-------+----------+-------------------------------------------
     0 | D:1      | epen the Merfolk Monk began the quest for the Orb.
     0 | D:1      | Reached XP level 1. HP: 18/18 MP: 1/1
    78 | D:1      | Reached XP level 2. HP: 24/24 MP: 2/2
   398 | D:1      | Reached skill level 5 in Polearms
   556 | D:1      | Reached XP level 3. HP: 29/29 MP: 3/3
  1347 | D:3      | Noticed Terence
  1465 | D:2      | Reached XP level 4. HP: 24/37 MP: 4/4
  1501 | D:2      | Reached skill level 1 in Armour
  1978 | D:2      | Reached skill level 6 in Polearms
  2089 | D:2      | Noticed Jessica
  2094 | D:2      | Killed Jessica
  2094 | D:2      | Reached XP level 5. HP: 42/42 MP: 5/5
  2320 | D:3      | Noticed Ijyb
  2335 | D:3      | Killed Ijyb
  2335 | D:3      | Reached skill level 5 in Dodging
  2364 | D:3      | Noticed Grinder
  2370 | D:3      | Paralysed by Grinder for 2 turns
  2410 | D:4      | Noticed a phantom
  2449 | D:4      | Killed a phantom
  2449 | D:4      | Reached skill level 7 in Polearms
  2449 | D:4      | Reached XP level 6. HP: 27/49 MP: 6/6
  2594 | D:4      | Found a stormy altar of Qazlal.
  2810 | D:4      | Found a radiant altar of Vehumet.
  2810 | D:4      | Found a hide-covered altar of Uskayaw.
  2811 | D:4      | Found an ancient bone altar of Kikubaaqudgha.
  3571 | D:4      | Killed Terence
  3791 | D:4      | Reached XP level 7. HP: 55/55 MP: 7/7
  3823 | D:4      | Reached skill level 8 in Polearms
  4080 | D:4      | Reached skill level 5 in Fighting
  4258 | D:4      | Found a shadowy altar of Dithmenos.
  4333 | D:5      | Entered Level 5 of the Dungeon
  4605 | D:5      | Noticed Edmund
  4616 | D:5      | Reached skill level 9 in Polearms
  4622 | D:5      | Reached XP level 8. HP: 57/63 MP: 8/8
  4638 | D:5      | Killed Edmund
  4995 | D:5      | Noticed Blork the orc
  5008 | D:5      | Killed Blork the orc
  5625 | D:5      | Found a shattered altar of Ashenzari.
  5706 | D:5      | Reached skill level 10 in Polearms
  5764 | D:5      | Noticed Prince Ribbit
  5778 | D:5      | Killed Prince Ribbit
  5778 | D:5      | Reached skill level 1 in Shields
  5989 | D:5      | Found a glowing golden altar of the Shining One.
  6277 | D:6      | Found a shimmering altar of Xom.
  6277 | D:6      | Found a shimmering altar of Xom.
  6291 | D:6      | Found a shimmering altar of Xom.
  6291 | D:6      | Found a shimmering altar of Xom.
  6291 | D:6      | Found a shimmering altar of Xom.
  6291 | D:6      | Found a shimmering altar of Xom.
  6293 | D:6      | Found a shimmering altar of Xom.
  6417 | D:6      | Reached XP level 9. HP: 32/69 MP: 9/9
  6426 | D:6      | Found a snail-covered altar of Cheibriados.
  6432 | D:6      | Found a glowing silver altar of Zin.
  6441 | D:6      | Found a sand-covered staircase.
  6738 | D:6      | Found a staircase to the Ecumenical Temple.
  6953 | Temple   | Entered the Ecumenical Temple
  7468 | Temple   | Became a worshipper of Warmaster Okawaru
  7468 | Temple   | Reached * piety under Okawaru
  7468 | Temple   | Reached ** piety under Okawaru
  7599 | D:6      | Found a sparkling altar of Nemelex Xobeh.
  7713 | D:7      | Reached skill level 11 in Polearms
  8832 | D:7      | Reached *** piety under Okawaru
  9006 | D:8      | Reached skill level 12 in Polearms
  9181 | D:8      | Noticed a two-headed ogre
  9189 | D:8      | Killed a two-headed ogre
  9189 | D:8      | Reached XP level 10. HP: 79/79 MP: 7/10
 10131 | D:8      | Reached skill level 1 in Invocations
 10140 | D:8      | Reached skill level 13 in Polearms
 10958 | D:9      | Found a stormy altar of Qazlal.
 11031 | D:9      | Reached **** piety under Okawaru
 11157 | D:9      | Found Kiob's Assorted Antiques.
 11160 | D:9      | Bought a scroll of teleportation for 84 gold pieces
 11160 | D:9      | Bought a scroll of identify for 56 gold pieces
 11160 | D:9      | Bought a scroll labeled PIB HEUMIR for 28 gold pieces
 11160 | D:9      | Bought a scroll labeled PIB HEUMIR for 28 gold pieces
 11411 | D:9      | Found a burning altar of Makhleb.
 11415 | D:9      | Found a sparkling altar of Nemelex Xobeh.
 11468 | D:10     | Entered Level 10 of the Dungeon
 11715 | D:10     | Received a gift from Okawaru
 11790 | D:10     | Reached skill level 5 in Armour
 11818 | D:10     | Noticed a two-headed ogre
 11824 | D:10     | Killed a two-headed ogre
 11824 | D:10     | Reached skill level 5 in Shields
 11824 | D:10     | Reached XP level 11. HP: 75/86 MP: 9/13
 11983 | D:10     | Reached ***** piety under Okawaru
 11983 | D:10     | Reached skill level 14 in Polearms
 12059 | D:10     | Noticed a two-headed ogre
 12067 | D:10     | Killed a two-headed ogre
 12067 | D:10     | Reached skill level 10 in Dodging
 12358 | D:10     | Killed an unseen horror
 12709 | D:11     | Found a staircase to the Lair.
 12740 | D:11     | Received a gift from Okawaru
 13142 | D:11     | Identified a scroll of acquirement
 13143 | D:11     | Got a steaming hat
 13154 | D:11     | Identified the +2 hat "Isucieq" {rElec} (You acquired it on level 11 of the Dungeon)
 13165 | D:11     | Found Ocwulets's Assorted Antiques.
 13175 | D:11     | Bought a scroll of teleportation for 90 gold pieces
 13175 | D:11     | Bought a puce potion for 27 gold pieces
 13806 | D:11     | Reached skill level 15 in Polearms
 13873 | D:11     | Killed an unseen horror
 13873 | D:11     | Received a gift from Okawaru
 13880 | D:11     | Identified a +0 pair of boots of running (Okawaru gifted it to you on level 11 of the Dungeon)
 14617 | Lair:1   | Entered Level 1 of the Lair of Beasts
 14644 | D:11     | Reached XP level 12. HP: 44/95 MP: 15/15
 14929 | Lair:1   | Reached skill level 5 in Invocations
 15247 | Lair:1   | Reached ****** piety under Okawaru
 16288 | Lair:2   | Found a staircase to the Snake Pit.
 16299 | Lair:2   | Reached skill level 16 in Polearms
 16718 | Lair:2   | Reached skill level 10 in Fighting
 16891 | Lair:2   | Found a staircase to the Swamp.
 17267 | Lair:3   | Noticed a catoblepas
 17306 | Lair:3   | Killed a catoblepas
 17306 | Lair:3   | Received a gift from Okawaru
 17306 | Lair:3   | Reached XP level 13. HP: 30/103 MP: 17/17
 17582 | Lair:3   | Gained mutation: Your magical capacity is low. (-10% MP) [potion of mutation]
 17582 | Lair:3   | Gained mutation: You have a pair of small antennae on your head. [potion of mutation]
 17582 | Lair:3   | Gained mutation: You are resistant to hostile enchantments. (MR+) [potion of mutation]
 17582 | Lair:3   | Gained mutation: You are robust. (+10% HP) [potion of mutation]
 17647 | Lair:3   | Noticed Gastronok
 17655 | Lair:3   | Killed Gastronok
 18166 | Lair:3   | Noticed Fannar
 18200 | Lair:3   | Killed Fannar
 19630 | Lair:5   | Found a viscous altar of Jiyva.
 19631 | Lair:5   | Found a staircase to the Slime Pits.
 20830 | Lair:6   | Entered Level 6 of the Lair of Beasts
 20843 | Lair:6   | Received a gift from Okawaru
 20857 | Lair:6   | Got a pair of dazzling boots {god gift}
 20868 | Lair:6   | Identified the -7 pair of boots of the Little Devil {*Corrode rElec MR+++} (Okawaru gifted it to you on level 6 of the Lair of Beasts)
 20970 | Lair:6   | Found the +2 cloak of the Thief {+Fog Slay-2 SInv Stlth+}
 21224 | Lair:6   | Noticed a fire dragon
 21255 | Lair:6   | Killed a fire dragon
 21727 | Lair:6   | Reached skill level 17 in Polearms
 21757 | Lair:6   | Reached XP level 14. HP: 94/124 MP: 18/18
 22542 | Lair:6   | Lost mutation: You have a pair of small antennae on your head. [potion of mutation]
 22542 | Lair:6   | Lost mutation: Your magical capacity is low. (-10% MP) [potion of mutation]
 22542 | Lair:6   | Lost mutation: You are robust. (+10% HP) [potion of mutation]
 22542 | Lair:6   | Gained mutation: You are agile. (Dex +2) [potion of mutation]
 22542 | Lair:6   | Gained mutation: You have a pair of small horns on your head. [potion of mutation]
 22542 | Lair:6   | Gained mutation: Your muscles are strong. (Str +2) [potion of mutation]
 23092 | D:11     | Upgraded the game from 0.22-a0-512-g0943f25 to 0.22-a0-515-g75794bf
 23174 | D:12     | Found a staircase to the Orcish Mines.
 23335 | D:12     | Noticed Azrael
 23365 | D:12     | Killed Azrael
 23567 | D:12     | Noticed Nessos
 23580 | D:12     | Killed Nessos
 25660 | D:13     | Received a gift from Okawaru
 26005 | D:13     | Killed from afar by a meliai

Vault maps used:
D:1:      roderic_dead_forest, palyth_stone_intersect
D:2:      wad_lake_hut, first_ration, uniq_jessica
D:3:      uniq_grinder, uniq_ijyb, uniq_terence
D:4:      nicolae_overflow_quartered_altars, nicolae_qazlal_general_emergency
D:5:      lemuel_round_altar, nicolae_tso_swordbearing_angel, uniq_edmund,
          uniq_blork_the_orc, uniq_prince_ribbit1
D:6:      lemuel_crystal_altar, cheibriados_altar_1, xom_redecorated,
          minmay_temple_entry_nine_rooms, nicolae_ossuary_entry_plus,
          hangedman_abyss_or_decor_stagger, nemelex_lonely_heart_becter
D:8:      hangedman_little_slice_of_home
D:9:      minitemple, serial_shops, kennysheep_mini_moat,
          david_defended_altar_elf
D:10:     nicolae_two_hexagons
D:11:     david_lair_generic, serial_shops, nicolae_shop_behind_doors,
          kennysheep_pointless_box
D:12:     orc_0_dummy, uniq_nessos, uniq_azrael
D:13:     wad_mega_maze, hex_medium
D:14:     grunt_vaults_entry_tiered, minmay_staircase_windowed_large
Temple:   chequers_temple_sunken
Lair:1:   grunt_forest_large_clearings, grunt_megastairs_2
Lair:2:   wad_woods_04, swamp_mist, serial_bayou_shore_a
Lair:3:   lemuel_fruit_fields, grunt_megastairs_3, uniq_fannar, uniq_gastronok
Lair:4:   beast_lair_carwin_10
Lair:5:   slime_altar_1, grunt_megastairs_4, minmay_lair_oklob_chamber
Lair:6:   guppyfry_lair_end_dragon, wormcave

Skill      XL: |  1  2  3  4  5  6  7  8  9 10 11 12 13 14 |
---------------+-------------------------------------------+-----
Polearms       | 5 6 7 9 10 12 13 15 16 17 | 17.5
Armour         | 1 2 3 4 5 6 7 |  7.8
Fighting       | 4 5 6 7 8 9 10 11 | 11.5
Dodging        | 5 6 7 8 9 10 11 12 13 | 13.3
Shields        | 1 3 5 6 7 9 |  9.2
Invocations    | 3 4 6 8 9 |  9.9
Stealth        | |  2.1

Action                   |  1- 3 |  4- 6 |  7- 9 | 10-12 | 13-15 || total
-------------------------+-------+-------+-------+-------+-------++-------
Melee: Spear             |   103 |   206 |   360 |       |       ||   669
       Tailslap          |       |     2 |       |    11 |    17 ||    30
       Halberd           |       |       |   171 |   152 |       ||   323
       Trident           |       |       |       |   810 |   806 ||  1616
       Punch             |       |       |       |     2 |       ||     2
       Headbutt          |       |       |       |       |    65 ||    65
Throw: Javelin           |       |       |       |       |     3 ||     3
Invok: Heroism           |       |       |     1 |     4 |     3 ||     8
       Finesse           |       |       |       |       |     1 ||     1
Evoke: Wand              |       |       |     3 |    11 |    11 ||    25
  Use: Scroll            |     2 |     2 |     3 |    19 |     4 ||    30
       Potion            |     1 |       |       |     4 |    11 ||    16
 Stab: Sleeping          |     7 |     4 |       |       |     5 ||    16
       Confused          |       |       |       |     3 |       ||     3
       Distracted        |       |       |       |     1 |       ||     1
       Invisible         |       |       |       |       |    11 ||    11
  Eat: Ration            |     1 |       |     4 |     4 |     4 ||    13
       Chunk             |       |     6 |    10 |    12 |    13 ||    41
Armor: Robe              |    11 |     1 |       |       |       ||    12
       Scale mail        |       |    36 |   110 |   205 |   138 ||   489
Dodge: Dodged            |    54 |    59 |   217 |   471 |   294 ||  1095
Block: Shield            |       |       |       |    27 |   286 ||   313
       Reflection        |       |       |       |       |    13 ||    13

Table legend:
 A = Spawn XP
 B = Non-spawn XP
 C = Spawn XP percentage of total XP
 D = Spawn monster count
 E = Non-spawn monster count
 F = Spawn count percentage of total count
 G = Total turns spent on level
                    A         B        C        D         E        F      G
               +---------+---------+-------+---------+---------+-------+---------
         Total |       0 |   72226 |   0.0 |       0 |     521 |   0.0 | 26005
               +---------+---------+-------+---------+---------+-------+---------
           D:1 |       0 |      37 |   0.0 |       0 |      19 |   0.0 |   886
           D:2 |       0 |     157 |   0.0 |       0 |      22 |   0.0 |  1143
           D:3 |       0 |      64 |   0.0 |       0 |      17 |   0.0 |   686
           D:4 |       0 |     724 |   0.0 |       0 |      38 |   0.0 |  1893
           D:5 |       0 |    1088 |   0.0 |       0 |      30 |   0.0 |  1669
           D:6 |       0 |     549 |   0.0 |       0 |      16 |   0.0 |   883
           D:7 |       0 |    1395 |   0.0 |       0 |      28 |   0.0 |  1283
           D:8 |       0 |    2432 |   0.0 |       0 |      36 |   0.0 |  1655
           D:9 |       0 |     990 |   0.0 |       0 |      14 |   0.0 |   831
          D:10 |       0 |    5683 |   0.0 |       0 |      39 |   0.0 |  1232
          D:11 |       0 |    5481 |   0.0 |       0 |      54 |   0.0 |  2242
          D:12 |       0 |    8374 |   0.0 |       0 |      33 |   0.0 |  1169
          D:13 |       0 |    6229 |   0.0 |       0 |      19 |   0.0 |  1685
          D:14 |       0 |     894 |   0.0 |       0 |       1 |   0.0 |    29
        Lair:1 |       0 |    7015 |   0.0 |       0 |      42 |   0.0 |  1376
        Lair:2 |       0 |    5852 |   0.0 |       0 |      33 |   0.0 |  1004
        Lair:3 |       0 |    5794 |   0.0 |       0 |      10 |   0.0 |  1424
        Lair:4 |       0 |    3626 |   0.0 |       0 |      19 |   0.0 |   939
        Lair:5 |       0 |    7419 |   0.0 |       0 |      21 |   0.0 |  1561
        Lair:6 |       0 |    8423 |   0.0 |       0 |      30 |   0.0 |  1876
               +---------+---------+-------+---------+---------+-------+---------
